 Dungeon Crawl Stone Soup version 0.22-a0-467-g5c5de1c (webtiles) character file.

24018 nikopol the Eclecticist (level 12, -21/62 HPs)
             Began as a Deep Elf Fire Elementalist on June 10, 2018.
             Was a Believer of Vehumet.
             Demolished by a spiny frog (23 damage)
             ... on level 5 of the Lair of Beasts.
             The game lasted 01:09:14 (18729 turns).

nikopol the Eclecticist (DEFE)                     Turns: 18729, Time: 01:09:15

Health: -21/62     AC:  8    Str: 10    XL:     12   Next: 77%
Magic:  33/34      EV: 16    Int: 33    God:    Vehumet [**....]
Gold:   942        SH:  3    Dex: 22    Spells: 21/43 levels left

rFire    x . .     SeeInvis .   I - +6 great mace of Indomitability {flame, rF- Int+4}
rCold    . . .     Gourm    .   (shield currently unavailable)
rNeg     + . .     Faith    .   a - +0 robe
rPois    .         Spirit   .   j - +2 helmet
rElec    +         Reflect  +   g - scarf {repulsion}
rCorr    .         Harm     .   E - +1 pair of gloves
MR       +....                  A - +0 pair of boots
Stlth    +++.......             O - amulet "Petemuw" {Reflect Str+5 SH+3}
HPRegen  0.20/turn              Q - +3 ring of intelligence
MPRegen  0.24/turn              N - ring of Terra Nullius {+Blink rElec rN+ Dex+7}

@: lethally poisoned (-21 -> -43), repel missiles
A: no striking features
a: Renounce Religion, Evoke Blink


You were on level 5 of the Lair of Beasts.
You worshipped Vehumet.
Vehumet was pleased with you.
You were not hungry.

You visited 3 branches of the dungeon, and saw 15 of its levels.

You collected 942 gold pieces.

Inventory:

Hand Weapons
 I - the +6 great mace of Indomitability (weapon) {flame, rF- Int+4}
   (You found it on level 9 of the Dungeon)

   It has been specially enchanted to burn those struck by it, causing extra
   injury to most foes and up to half again as much damage against particularly
   susceptible opponents.
   It affects your intelligence (+4).
   It makes you vulnerable to fire.
Armour
 a - a +0 robe (worn)
 g - a scarf of repulsion (worn)
 j - a +2 helmet (worn)
 n - a scarf of resistance
 A - a +0 pair of boots (worn)
 E - a +1 pair of gloves (worn)
Jewellery
 K - the ring "Tosch" {Wiz rElec Str-4 Slay+5}
   (You took it off a vampire on level 9 of the Dungeon)

   [ring of wizardry]

   It improves your spell success rate.
   It affects your strength (-4).
   It affects your accuracy and damage with ranged weapons and melee attacks
   (+5).
   It insulates you from electricity.
 L - an uncursed ring of protection from magic {unknown}
 M - the ring "Asmorgh" {Ice Str+4 Dex+4 Stlth+}
   (You found it on level 9 of the Dungeon)

   [ring of ice]

   It enhances your ice magic.
   It affects your strength (+4).
   It affects your dexterity (+4).
   It makes you vulnerable to fire.
   It protects you from cold.
   It makes you more stealthy.
 N - the ring of Terra Nullius (right hand) {+Blink rElec rN+ Dex+7}
   (You found it on level 9 of the Dungeon)

   [ring of positive energy]

   It affects your dexterity (+7).
   It insulates you from electricity.
   It protects you from negative energy.
   It lets you blink.
 O - the amulet "Petemuw" (around neck) {Reflect Str+5 SH+3}
   (You found it on level 9 of the Dungeon)

   [amulet of reflection]

   It shields you and reflects attacks.
   It affects your strength (+5).
   It affects your SH (+3).
 Q - a +3 ring of intelligence (left hand)
 S - an uncursed ring of flight {unknown}
 U - a +3 ring of strength
Wands
 e - a wand of paralysis (13)
 t - a wand of random effects (15)
 x - a wand of polymorph (6)
 B - a wand of enslavement (11)
 G - a wand of iceblast (13)
Scrolls
 b - 4 scrolls of blinking {unknown}
 h - 4 scrolls of immolation {unknown}
 o - 6 scrolls of remove curse
 p - a scroll of enchant armour {unknown}
 r - 4 scrolls of amnesia {unknown}
 s - a scroll of fear {unknown}
 w - 4 scrolls of teleportation {unknown}
 y - a scroll of vulnerability {unknown}
 C - 5 scrolls of magic mapping {unknown}
 H - 5 scrolls of enchant weapon {unknown}
 J - a scroll of fog {unknown}
 P - a scroll of random uselessness {unknown}
 R - a scroll of noise {unknown}
Potions
 d - 4 potions of haste
 f - 2 potions of flight
 i - a potion of magic {unknown}
 k - 2 potions of resistance
 l - a potion of brilliance
 m - 3 potions of agility
 q - 4 potions of curing
 u - 2 potions of heal wounds {unknown}
 v - 3 potions of mutation
 z - 3 potions of cancellation
 D - a potion of might {unknown}
 F - a potion of lignification {unknown}
Comestibles
 c - 31 rations
 T - 5 chunks of flesh


   Skills:
 + Level 2.0 Fighting
 + Level 5.0 Dodging
 + Level 5.3 Stealth
 + Level 16.0 Spellcasting
 + Level 12.4 Conjurations
 + Level 1.8 Translocations
 + Level 12.8 Fire Magic


You had 21 spell levels left.
You knew the following spells:

 Your Spells              Type           Power        Failure   Level  Hunger
a - Flame Tongue          Conj/Fire      #####        0%          1    None
b - Throw Flame           Conj/Fire      ######       0%          2    None
c - Conjure Flame         Conj/Fire      #######.     1%          3    None
d - Sticky Flame          Conj/Fire      #######.     1%          4    None
e - Fireball              Conj/Fire      #######...   1%          5    None
f - Lightning Bolt        Conj/Air       ######....   3%          5    None
h - Blink                 Tloc           N/A          1%          2    None

Your spell library contained the following spells:

 Spells                   Type           Power        Failure   Level  Hunger
 Magic Dart               Conj           ####         0%          1    None
 Apportation              Tloc           #####.       1%          1    None
 Slow                     Hex            ####....     2%          2    None
 Mephitic Cloud           Conj/Pois/Air  ######..     1%          3    None
 Summon Small Mammal      Summ           ####         1%          1    None
 Animate Dead             Necr           N/A          16%         4    None
 Pain                     Necr           ####         1%          1    None
 Animate Skeleton         Necr           N/A          1%          1    None
 Vampiric Draining        Necr           ####......   4%          3    None
 Call Imp                 Summ           ####....     2%          2    None
 Regeneration             Chrm/Necr      ####......   4%          3    None
 Shock                    Conj/Air       ####         1%          1    None
 Swiftness                Chrm/Air       ####....     2%          2    None
 Airstrike                Air            ####......   16%         4    None
 Confusing Touch          Hex            ####..       1%          1    None
 Static Discharge         Conj/Air       ######..     1%          3    None
 Inner Flame              Hex/Fire       ######..     1%          3    None


Dungeon Overview and Level Annotations

Branches:
Dungeon (9/15)             Temple (1/1) D:6            Lair (5/6) D:9
  Swamp (0/4) Lair:3        Snake (0/4) Lair:3
  Slime: Lair:5-6       Orc: D:9-12

Altars:
Ashenzari
Cheibriados
Dithmenos
Elyvilon
Fedhas
Gozag
Hepliaklqana
Kikubaaqudgha
Makhleb
Nemelex Xobeh
Okawaru
Qazlal
Ru
Sif Muna
Trog
Uskayaw
Vehumet
Wu Jian
Xom
Yredelemnul
Zin
The Shining One

Annotations:
D:8 Scuka's ghost, novice DrTm


Message History

You block the polar bear's attack. The water moccasin bites you.
You are poisoned.
The water moccasin poisons you! The spiny frog stings you!
You are more poisoned.
The spiny frog poisons you! The polar bear bites you!!
* * * LOW HITPOINT WARNING * * *
The polar bear claws you.
* * * LOW HITPOINT WARNING * * *
The polar bear claws you but does no damage.
You hear a bellow!
* * * LOW HITPOINT WARNING * * *
You feel very sick.
A death yak comes into view.
The water moccasin bites you but does no damage.
Found a scroll labeled KOSSEN ZYSOA.
* * * LOW HITPOINT WARNING * * *
You feel sick. You block the polar bear's attack. x2
The polar bear closely misses you. The spiny frog stings you!!
You die...

........#..## #
...[....##..### .#
.........#....##!#
.......##........#
......Y #........#
......YY#........###
...YY.#.P....S....P#
......#.....hF.....#
......##.Y...@.....#
....Y.#......<.....#
#.........[....#
##..........P#.#
#..............#
...............#
....?.......###.
P.....$...##


You could see 4 death yaks, a polar bear (berserk), a spiny frog and a water
moccasin.

Vanquished Creatures
  Gastronok (Lair:1)
  2 hydras
  A two-headed ogre (D:8)
  2 death yaks (Lair:2)
  2 oklob plants (Lair:2)
  Joseph (D:8)
  6 elephants
  A black mamba (Lair:4)
  2 torpor snails
  A gargoyle (D:9)
  6 spiny frogs
  A rime drake (Lair:4)
  A komodo dragon (Lair:2)
  A troll (D:9)
  2 polar bears
  The ghost of tilp the Chiller, an amateur MfIE (D:4)
  3 dream sheep (Lair:4)
  12 blink frogs
  2 hippogriffs (Lair:2)
  8 yaks
  A vampire (D:9)
  Eustachio (D:6)
  2 basilisks
  Menkaure (D:6)
  4 nagas (Lair:3)
  An acid dragon (D:9)
  3 water moccasins
  10 porcupines
  A phantom (D:5)
  4 sky beasts
  2 ogres (D:9)
  5 wolves (Lair:1)
  4 centaurs
  12 crocodiles
  Blork the orc (D:4)
  12 bullfrogs
  2 scorpions
  5 killer bees (D:7)
  2 howler monkeys (D:8)
  6 electric eels (Lair:3)
  A crimson imp (D:8)
  A centaur zombie (D:6)
  6 hounds
  A quasit (D:5)
  2 jellies
  6 orc wizards
  A centaur skeleton (D:9)
  An orc priest (D:5)
  Crazy Yiuf (D:4)
  4 bullfrog skeletons
  3 hell rats (Lair:4)
  3 iguanas
  7 worker ants
  A hound zombie (D:5)
  A hound skeleton (D:8)
  Robin (D:3)
  A howler monkey zombie (D:8)
  4 gnolls
  8 adders
  9 river rats (Lair:4)
  A shadow imp (D:9)
  An ooze (D:4)
  An adder skeleton (D:7)
  2 worms
  A dart slug (D:3)
  5 leopard geckos
  28 orcs
  7 ball pythons
  10 bats
  6 giant cockroaches
  8 hobgoblins
  7 jackals (D:3)
  6 kobolds
  3 quokkas
  3 frilled lizards
  12 goblins
  2 quokka skeletons
  A quokka zombie (D:2)
  17 rats
  A bush (Lair:1)
  A fungus (Lair:2)
  A plant (Lair:2)
321 creatures vanquished.

Vanquished Creatures (others)
  A bush (Lair:4)
  10 fungi
  15 plants
26 creatures vanquished.

Grand Total: 347 creatures vanquished

Notes
Turn   | Place    | Note
-------+----------+-------------------------------------------
     0 | D:1      | nikopol the Deep Elf Fire Elementalist began the quest for the Orb.
     0 | D:1      | Reached XP level 1. HP: 10/10 MP: 6/6
   237 | D:1      | Reached XP level 2. HP: 13/15 MP: 0/8
  1163 | D:2      | Reached XP level 3. HP: 13/19 MP: 5/10
  1171 | D:2      | Learned a level 2 spell: Throw Flame
  1175 | D:2      | Learned a level 3 spell: Conjure Flame
  1488 | D:2      | Found a hide-covered altar of Uskayaw.
  1489 | D:2      | Noticed a hand axe
  1489 | D:2      | Noticed a dagger
  2086 | D:3      | Reached XP level 4. HP: 24/24 MP: 6/11
  2583 | D:3      | Reached skill level 4 in Spellcasting
  2809 | D:3      | Learned a level 4 spell: Sticky Flame
  2837 | D:4      | Noticed a sky beast
  2875 | D:3      | Reached XP level 5. HP: 16/28 MP: 0/14
  3110 | D:4      | Found a runed door.
  3208 | D:4      | Noticed tilp's ghost (amateur MfIE)
  3209 | D:4      | Reached skill level 5 in Spellcasting
  3580 | D:4      | Killed a sky beast
  3580 | D:4      | Reached skill level 5 in Fire Magic
  3580 | D:4      | Reached XP level 6. HP: 32/32 MP: 8/16
  3641 | D:4      | Noticed Robin
  3773 | D:3      | Killed Robin
  4294 | D:4      | Killed tilp's ghost
  4294 | D:4      | Reached skill level 6 in Spellcasting
  4294 | D:4      | Reached XP level 7. HP: 27/37 MP: 8/18
  4484 | D:4      | Noticed Blork the orc
  4640 | D:4      | Killed Blork the orc
  4745 | D:4      | Noticed Crazy Yiuf
  4746 | D:4      | Found the +5 demon whip "Spellbinder" {antimagic, MR+}
  4753 | D:4      | Killed Crazy Yiuf
  4863 | D:5      | Entered Level 5 of the Dungeon
  4914 | D:5      | Reached skill level 7 in Spellcasting
  4926 | D:5      | Learned a level 5 spell: Fireball
  5526 | D:5      | Reached XP level 8. HP: 42/42 MP: 16/21
  5686 | D:5      | Reached skill level 5 in Conjurations
  6145 | D:5      | Reached skill level 8 in Spellcasting
  6537 | D:6      | Found an iron altar of Okawaru.
  6537 | D:6      | Found an ancient bone altar of Kikubaaqudgha.
  6626 | D:6      | Noticed Eustachio
  6643 | D:6      | Killed Eustachio
  6796 | D:6      | Noticed Menkaure
  6814 | D:6      | Reached skill level 9 in Spellcasting
  6902 | D:6      | Killed Menkaure
  7038 | D:6      | Found a staircase to the Ecumenical Temple.
  7043 | Temple   | Entered the Ecumenical Temple
  7723 | D:7      | Reached XP level 9. HP: 46/46 MP: 19/24
  7909 | D:7      | Found a shimmering altar of Xom.
  8009 | D:7      | Reached skill level 10 in Spellcasting
  8465 | D:7      | Found a blossoming altar of Fedhas.
  8652 | D:8      | Learned a level 2 spell: Blink
  8707 | D:8      | Noticed a two-headed ogre
  8718 | D:8      | Killed a two-headed ogre
  8718 | D:8      | Reached skill level 11 in Spellcasting
  8927 | D:8      | Noticed Scuka's ghost (novice DrTm)
  8972 | D:8      | Reached skill level 1 in Fighting
  8999 | D:8      | Found a sacrificial altar of Ru.
  9295 | D:8      | Noticed Joseph
  9311 | D:8      | Killed Joseph
  9634 | D:8      | Reached XP level 10. HP: 52/52 MP: 27/27
 10069 | D:9      | Reached skill level 5 in Stealth
 10344 | D:9      | Reached skill level 12 in Spellcasting
 10614 | D:9      | Found a basalt altar of Yredelemnul.
 10617 | D:9      | Found a radiant altar of Vehumet.
 10617 | D:9      | Found a shattered altar of Ashenzari.
 10637 | D:9      | Found a staircase to the Lair.
 10659 | D:9      | Became a worshipper of Vehumet
 10694 | D:9      | Got an encrusted great mace
 10695 | D:9      | Identified the +6 great mace of Indomitability {flame, rF- Int+4} (You found it on level 9 of the Dungeon)
 11124 | D:9      | Got a scintillating pewter ring
 11149 | D:9      | Noticed a gargoyle
 11153 | D:9      | Killed a gargoyle
 11170 | D:9      | Noticed a catoblepas
 11409 | D:9      | Got a warped wooden ring
 11412 | D:9      | Got a clouded lead ring
 11453 | D:9      | Got a shimmering emerald amulet
 11805 | D:9      | Reached skill level 13 in Spellcasting
 11977 | Lair:1   | Entered Level 1 of the Lair of Beasts
 12200 | Lair:1   | Reached skill level 1 in Translocations
 12414 | Lair:1   | Noticed a spiny frog
 12416 | Lair:1   | Killed a spiny frog
 12417 | Lair:1   | Noticed a spiny frog
 12422 | Lair:1   | Killed a spiny frog
 12422 | Lair:1   | Reached skill level 10 in Fire Magic
 12422 | Lair:1   | Reached XP level 11. HP: 56/56 MP: 10/30
 12583 | Lair:1   | Reached skill level 10 in Conjurations
 12707 | Lair:1   | Noticed Gastronok
 12719 | Lair:1   | Killed Gastronok
 12869 | Lair:1   | Identified the amulet "Petemuw" {Reflect Str+5 SH+3} (You found it on level 9 of the Dungeon)
 12874 | Lair:1   | Identified the ring "Tosch" {Wiz rElec Str-4 Slay+5} (You took it off a vampire on level 9 of the Dungeon)
 12878 | Lair:1   | Identified the ring "Asmorgh" {Ice Str+4 Dex+4 Stlth+} (You found it on level 9 of the Dungeon)
 12880 | Lair:1   | Identified the ring of Terra Nullius {+Blink rElec rN+ Dex+7} (You found it on level 9 of the Dungeon)
 13160 | Lair:2   | Reached skill level 14 in Spellcasting
 13649 | Lair:2   | Noticed a death yak
 13654 | Lair:2   | Killed a death yak
 13654 | Lair:2   | Noticed a death yak
 13895 | Lair:2   | Reached * piety under Vehumet
 13895 | Lair:2   | Offered knowledge of Sting by Vehumet.
 14091 | Lair:2   | Killed a death yak
 14392 | Lair:2   | Noticed an oklob plant
 14392 | Lair:2   | Noticed an oklob plant
 14645 | Lair:2   | Killed an oklob plant
 15171 | Lair:2   | Killed an oklob plant
 15338 | Lair:3   | Reached XP level 12. HP: 62/62 MP: 23/32
 15536 | Lair:3   | Found a staircase to the Swamp.
 15682 | Lair:3   | Reached skill level 15 in Spellcasting
 15870 | Lair:3   | Found a staircase to the Snake Pit.
 15895 | Lair:3   | Noticed a six-headed hydra
 15900 | Lair:3   | Killed a six-headed hydra
 16921 | Lair:4   | Noticed an eight-headed hydra
 16924 | Lair:4   | Killed an eight-headed hydra
 17366 | Lair:4   | Learned a level 5 spell: Lightning Bolt
 17419 | Lair:4   | Offered knowledge of Throw Frost by Vehumet.
 17524 | Lair:4   | Reached ** piety under Vehumet
 18385 | Lair:4   | Reached skill level 16 in Spellcasting
 18697 | Lair:5   | Reached skill level 5 in Dodging
 18717 | Lair:5   | Noticed a death yak
 18717 | Lair:5   | Noticed a death yak
 18717 | Lair:5   | Noticed a death yak
 18728 | Lair:5   | Noticed a death yak
 18729 | Lair:5   | HP: 2/62 [poisoned by a spiny frog]
 18729 | Lair:5   | Demolished by a spiny frog

Vault maps used:
D:1:      minmay_arrival_jagged, minivault_5, minmay_pentomino_q4
D:2:      dancing_weapons_uskayaw
D:3:      minmay_shallow_snake_nest
D:4:      uniq_blork_the_orc, uniq_robin, uniq_crazy_yiuf_cottage
D:5:      first_ration
D:6:      gammafunk_temple_overflow_pools, minmay_temple_entry_butterflies,
          uniq_menkaure, uniq_eustachio
D:7:      overflow_temple_1_default, lemuel_doored_altar, minmay_nine_imps
D:8:      nicolae_ru_great_annihilating_truth, uniq_joseph
D:9:      minmay_the_grid_triangle_9x9_recursive_2_mashed,
          grunt_temple_overflow_open, minmay_lair_entry_grove
Temple:   oiseaux_autumnal_temple
Lair:1:   uniq_gastronok
Lair:2:   beast_lair_carwin_5, grunt_megastairs_2, minmay_lair_oklob_chamber
Lair:3:   minmay_swamp_entry_eels, minmay_snake_entry_guardpost_medium,
          lemuel_fruit_tree
Lair:4:   kennysheep_abandoned_house
Lair:5:   dpeg_slime_entry_enclosed_altar, grunt_megastairs_4

Skill      XL: |  1  2  3  4  5  6  7  8  9 10 11 12 |
---------------+-------------------------------------+-----
Fire Magic     | 4 5 6 7 9 10 11 12 | 12.8
Stealth        | 3 4 5 |  5.3
Spellcasting   | 4 5 6 7 9 11 13 14 16 | 16.0
Conjurations   | 2 3 4 6 7 9 11 12 | 12.4
Dodging        | 3 4 5 |  5.0
Fighting       | 1 2 |  2.0
Translocations | 1 |  1.8

Action                   |  1- 3 |  4- 6 |  7- 9 | 10-12 || total
-------------------------+-------+-------+-------+-------++-------
Melee: Unarmed           |       |       |     2 |       ||     2
 Cast: Flame Tongue      |    68 |    96 |   205 |   218 ||   587
       Throw Flame       |     1 |    13 |    13 |    61 ||    88
       Conjure Flame     |       |     5 |     4 |    14 ||    23
       Sticky Flame      |       |     3 |    24 |    65 ||    92
       Fireball          |       |       |     3 |    77 ||    80
       Blink             |       |       |     2 |     3 ||     5
Evoke: Wand              |       |       |       |     1 ||     1
  Use: Scroll            |       |       |     6 |     5 ||    11
  Eat: Chunk             |     3 |     7 |    17 |    16 ||    43
       Ration            |       |       |       |     4 ||     4
Armor: Robe              |     7 |    20 |    21 |    18 ||    66
Dodge: Dodged            |    20 |    42 |    52 |    56 ||   170
       Deflected         |     1 |     1 |     1 |     5 ||     8
Block: Other             |       |       |       |    10 ||    10

Table legend:
 A = Spawn XP
 B = Non-spawn XP
 C = Spawn XP percentage of total XP
 D = Spawn monster count
 E = Non-spawn monster count
 F = Spawn count percentage of total count
 G = Total turns spent on level
                    A         B        C        D         E        F      G
               +---------+---------+-------+---------+---------+-------+---------
         Total |       0 |   34312 |   0.0 |       0 |     318 |   0.0 | 18729
               +---------+---------+-------+---------+---------+-------+---------
           D:1 |       0 |      25 |   0.0 |       0 |      18 |   0.0 |   959
           D:2 |       0 |      42 |   0.0 |       0 |      12 |   0.0 |   884
           D:3 |       0 |     115 |   0.0 |       0 |      39 |   0.0 |  1965
           D:4 |       0 |     791 |   0.0 |       0 |      30 |   0.0 |  1055
           D:5 |       0 |     761 |   0.0 |       0 |      24 |   0.0 |  1562
           D:6 |       0 |    1047 |   0.0 |       0 |      16 |   0.0 |  1028
           D:7 |       0 |    1016 |   0.0 |       0 |      24 |   0.0 |   921
           D:8 |       0 |    2148 |   0.0 |       0 |      16 |   0.0 |  1792
           D:9 |       0 |    3904 |   0.0 |       0 |      36 |   0.0 |  1551
        Lair:1 |       0 |    4181 |   0.0 |       0 |      13 |   0.0 |  1271
        Lair:2 |       0 |    7190 |   0.0 |       0 |      25 |   0.0 |  1970
        Lair:3 |       0 |    4428 |   0.0 |       0 |      22 |   0.0 |  1508
        Lair:4 |       0 |    8054 |   0.0 |       0 |      39 |   0.0 |  1889
        Lair:5 |       0 |     610 |   0.0 |       0 |       4 |   0.0 |   114
               +---------+---------+-------+---------+---------+-------+---------
